 Dungeon Crawl Stone Soup version 0.28.0-53-g5a82cb258f (webtiles) character file.

Game seed: 9012872387309849108

7753 nonceun the Severer (level 11, -13/82 HPs)
             Began as a Minotaur Berserker on July 13, 2022.
             Was an Elder of Trog.
             Killed from afar by an ice statue (24 damage)
             ... with a shard of ice
             ... in a Gauntlet.
             The game lasted 00:37:08 (10748 turns).

nonceun the Severer (Minotaur Berserker)           Turns: 10748, Time: 00:37:08

Health: -13/82     AC: 26    Str: 25    XL:     11   Next: 0%
Magic:  10/10      EV:  6    Int:  4    God:    Trog [****..]
Gold:   274        SH:  5    Dex: 17    Spells: 10/10 levels left

rFire   . . .      SeeInvis .   a - +2 war axe (vorpal)
rCold   . . .      Faith    .   I - +0 buckler
rNeg    . . .      Spirit   .   P - +0 crystal plate armour
rPois   .          Reflect  .   M - +2 hat
rElec   .          Harm     .   x - +0 cloak
rCorr   .          Rampage  .   (no gloves)
Will    ++...      NoTele   +   (no boots)
Stlth   ..........              O - amulet of regeneration
HPRegen 2.03/turn               H - +6 ring of dexterity
MPRegen 0.12/turn               p - +4 ring of protection

@: strong-willed, regenerating
A: horns 2, retaliatory headbutt
a: Renounce Religion, Berserk, Trog's Hand, Brothers in Arms


You were in a Gauntlet.
You worshipped Trog.
Trog was greatly pleased with you.
You visited 1 branch of the dungeon, and saw 11 of its levels.
You also visited: Gauntlet.

You collected 670 gold pieces.
You spent 396 gold pieces at shops.

Inventory:

Hand Weapons
 a - a +2 vorpal war axe (weapon)
 b - a +2 war axe of flaming
Missiles
 L - 321 stones (quivered)
Armour
 n - a +0 plate armour
 x - a +0 cloak (worn)
 I - a +0 buckler (worn)
 J - +0 swamp dragon scales
 M - a +2 hat (worn)
 P - a +0 crystal plate armour (worn)
Jewellery
 h - a ring of resist corrosion
 p - a +4 ring of protection (right hand)
 w - a ring of poison resistance
 H - a +6 ring of dexterity (left hand)
 O - an amulet of regeneration (around neck)
Wands
 v - a wand of digging (2)
 y - a wand of mindburst (16)
Scrolls
 f - 8 scrolls of identify
 k - a scroll of fear
 l - 3 scrolls of immolation
 o - a scroll of acquirement
 q - 10 scrolls of teleportation
 r - 2 scrolls of enchant armour
 s - a scroll of torment
 u - 2 scrolls of noise
 B - a scroll of enchant weapon
 C - 2 scrolls of blinking
 D - a scroll of silence
 E - 2 scrolls of fog
 F - a scroll of amnesia
 G - a scroll of magic mapping
Potions
 c - 2 potions of curing
 d - 4 potions of heal wounds {unknown}
 e - 3 potions of flight
 g - 6 potions of haste {unknown}
 i - a potion of attraction
 j - 2 potions of magic
 m - 2 potions of berserk rage
 t - 2 potions of might
 z - 2 potions of cancellation
 A - 3 potions of brilliance {unknown}
 K - a potion of mutation {unknown}
 N - a potion of lignification {unknown}


   Skills:
 - Level 3.6 Fighting
 + Level 17.1 Axes
 * Level 7.8 Armour
 * Level 6.0 Dodging
 * Level 2.4 Shields
 * Level 2.5 Evocations


You had 10 spell levels left.
You didn't know any spells.
Your spell library contained the following spells:

 Spells                   Type           Power      Damage    Failure   Level
 Beastly Appendage        Tmut           0%         N/A       100%        1
 Static Discharge         Conj/Air       0%         N/A       100%        2
 Wereblood                Tmut           0%         N/A       100%        2
 Spider Form              Tmut/Pois      0%         N/A       100%        3
 Animate Dead             Necr           0%         N/A       100%        4
 Olgreb's Toxic Radiance  Pois           0%         N/A       100%        4
 Summon Ice Beast         Ice/Summ       0%         N/A       100%        4
 Lightning Bolt           Conj/Air       0%         1d11      100%        5
 Summon Mana Viper        Hex/Summ       0%         N/A       100%        5
 Haunt                    Necr/Summ      0%         N/A       100%        7
 Monstrous Menagerie      Summ           0%         N/A       100%        7
 Ozocubu's Refrigeration  Ice            0%         4d5       100%        7
 Ignition                 Fire           0%         3d3       100%        8
 Infestation              Necr           0%         N/A       100%        8
 Maxwell's Capacitive Co  Air            0%         ∞         100%        8


Dungeon Overview and Level Annotations

Branches:
Dungeon (11/15)            Temple (0/1) D:4            Lair (0/6) D:11
    Orc (0/2) D:9         Gauntlet (1/1)

Altars:
Fedhas
Hepliaklqana
Makhleb
Qazlal

Shops:
D:6 =*?   D:9 (   D:11 (!??

Annotations:
Gauntlet 11 transporters, exclusion: ice statue


Innate Abilities, Weirdness & Mutations

You have a pair of horns on your head.
You reflexively headbutt those who attack you in melee.


Message History

You block the rime drake's attack.
You barely miss the rime drake. You headbutt the rime drake.
The rime drake is moderately wounded.
The rime drake bites you.
You slash the rime drake! You headbutt the rime drake!
The rime drake is almost dead.
The rime drake barely misses you. You furiously retaliate!
You headbutt the rime drake!
You kill the rime drake!
Trog accepts your kill.
You have reached level 11!
The ice encasing you melts away.
There is a transporter landing site here.
Really walk into a travel-excluded area?
The ice statue gestures at you. The bolt of cold hits you!!
You see here 14 stones.
There is a transporter here.
The ice statue gestures at you. The freezing blast engulfs you!
You are engulfed in freezing vapours.
You see here a scroll labelled JYXORETZ OFFAU.
You hit the ice statue but do no damage.
You are engulfed in freezing vapours.
The ice statue glitters chillingly in the dim dungeon light.
The ice statue gestures.
Your skin crawls.
You feel strong-willed.
You are engulfed in freezing vapours.
* * * LOW HITPOINT WARNING * * *
The ice statue glitters chillingly in the dim dungeon light.
The ice statue gestures at you.
The shard of ice hits you but does no damage.
The ice beast hits you but does no damage.
Your black bear goes berserk!
You are engulfed in freezing vapours.
* * * LOW HITPOINT WARNING * * *
The ice statue gestures at you. The shard of ice hits you!!
You die...

#≈.....©.........©.....≈#
##.#########.#########.##
##≈.#...k..^#.#3......#.≈##
#≈≈.#.####..#.####.####.≈≈#
##≈.#.#^..#.#.#..#.#.4#.≈##
##.#.#.©.#.#.#.##©##.#.##
##≈.#.#..^#h#.#.#...#.#.≈##
#≈≈.#°○####○#.#.#...#.#.≈≈#
##≈.#°○○☼Y@8#.#...©?".#.≈##
##.###################.##
##≈....#©.........©#....≈##
#≈≈..⌠.#.⌠.⌠.⌠.⌠.⌠.#.⌠..≈≈#
##≈....#©.........©#....≈##
##.#########.#########.##
##≈.#.......#.#5.....p#.≈##
#≈≈.#..####.#.#.#####.#.≈≈#
##≈.#.##..# ..#...#.≈##


You could see an ice statue (ally target), a neqoxec, an ice beast (summoned), a
white imp and a friendly black bear (summoned, berserk).

Vanquished Creatures
  A boulder beetle (D:9)
  A two-headed ogre (D:11)
  Pikel (D:4)
  Maggie (D:8)
  2 rime drakes (Gauntlet)
  A wraith (D:10)
  6 yaks
  A steam dragon (D:8)
  A wyvern (D:9)
  Menkaure (D:4)
  A water moccasin (D:9)
  2 orc warriors
  3 ice beasts
  2 sky beasts
  A black bear (D:6)
  2 ogres (D:6)
  5 centaurs
  A phantom (D:5)
  2 gnoll sergeants
  2 kobold brigands
  2 scorpions
  A water moccasin skeleton (D:5)
  2 howler monkeys
  An electric eel (D:7)
  6 wights
  4 orc priests
  5 centaur zombies
  3 hounds
  2 jellies
  Terence (D:2)
  7 orc wizards
  6 iguanas
  A killer bee zombie (D:5)
  A hound skeleton (D:4)
  9 gnolls
  4 adders
  3 shadow imps
  An ufetubus (D:4)
  An adder skeleton (D:4)
  5 worms
  3 dart slugs
  26 orcs
  7 ball pythons
  7 bats
  7 endoplasms
  5 giant cockroaches
  7 hobgoblins
  5 jackals (D:1)
  8 kobolds
  4 quokkas
  3 frilled lizards
  8 goblins
  3 rats
195 creatures vanquished.

Vanquished Creatures (others)
  A plant (Gauntlet)
1 creature vanquished.

Grand Total: 196 creatures vanquished

Notes
Turn   | Place    | Note
-------+----------+-------------------------------------------
     0 | D:1      | nonceun the Minotaur Berserker began the quest for the Orb.
     0 | D:1      | Reached XP level 1. HP: 19/19 MP: 0/0
   261 | D:1      | Reached skill level 4 in Axes
   321 | D:1      | Reached XP level 2. HP: 23/26 MP: 1/1
  1081 | D:1      | Reached skill level 5 in Axes
  1096 | D:1      | Reached ** piety under Trog
  1104 | D:1      | Reached XP level 3. HP: 30/31 MP: 2/2
  1486 | D:2      | Noticed Terence
  1493 | D:2      | Killed Terence
  1603 | D:2      | Found a faded altar of an unknown god.
  1650 | D:2      | Reached skill level 6 in Axes
  1650 | D:2      | Reached XP level 4. HP: 36/39 MP: 3/3
  2526 | D:3      | Reached skill level 7 in Axes
  2526 | D:3      | Reached XP level 5. HP: 24/45 MP: 4/4
  3036 | D:3      | Found a hazy altar of Hepliaklqana.
  3172 | D:4      | Noticed Menkaure
  3200 | D:4      | Reached skill level 8 in Axes
  3413 | D:4      | Reached XP level 6. HP: 44/51 MP: 5/5
  3439 | D:4      | Noticed Pikel
  3454 | D:4      | Killed Pikel
  3455 | D:4      | Reached skill level 10 in Axes
  3455 | D:4      | Reached XP level 7. HP: 57/57 MP: 6/6
  3942 | D:4      | Killed Menkaure
  3943 | D:4      | Reached skill level 11 in Axes
  4138 | D:4      | Found a staircase to the Ecumenical Temple.
  4238 | D:5      | Entered Level 5 of the Dungeon
  4321 | D:5      | Reached XP level 8. HP: 59/64 MP: 7/7
  4340 | D:5      | Reached skill level 12 in Axes
  4584 | D:5      | Reached *** piety under Trog
  5178 | D:6      | Found Enkyck's Jewellery Shoppe.
  5208 | D:6      | Reached skill level 13 in Axes
  5448 | D:6      | Reached skill level 14 in Axes
  5536 | D:6      | Found Inymmafu's Magic Scroll Shop.
  5553 | D:6      | Bought a scroll of enchant weapon for 75 gold pieces
  5553 | D:6      | Bought a scroll of noise for 10 gold pieces
  5553 | D:6      | Bought a scroll of blinking for 75 gold pieces
  5553 | D:6      | Bought a scroll of teleportation for 30 gold pieces
  5553 | D:6      | Bought a scroll of blinking for 75 gold pieces
  5553 | D:6      | Bought a scroll of identify for 20 gold pieces
  5705 | D:6      | Reached XP level 9. HP: 55/70 MP: 8/8
  5834 | D:6      | Found a blossoming altar of Fedhas.
  6052 | D:6      | Found Hauneuw's Assorted Antiques.
  6057 | D:6      | Bought a fizzy green potion for 21 gold pieces
  6057 | D:6      | Bought a fizzy green potion for 21 gold pieces
  6541 | D:7      | Reached skill level 15 in Axes
  6924 | D:7      | Identified a scroll of acquirement
  7469 | D:8      | Noticed Maggie
  7623 | D:8      | Found a burning altar of Makhleb.
  7653 | D:8      | Killed Maggie
  7654 | D:8      | Reached skill level 16 in Axes
  7801 | D:8      | Reached **** piety under Trog
  7904 | D:8      | Reached skill level 5 in Armour
  8329 | D:6      | Bought a scroll of identify for 48 gold pieces
  8329 | D:6      | Bought a grey potion for 21 gold pieces
  8996 | D:9      | Reached XP level 10. HP: 77/77 MP: 9/9
  9004 | D:9      | Reached skill level 5 in Dodging
  9004 | D:9      | Noticed a boulder beetle
  9037 | D:9      | Killed a boulder beetle
  9038 | D:9      | Reached skill level 1 in Evocations
  9224 | D:9      | Found Ithrynue's Weapon Boutique.
  9237 | D:9      | Found a staircase to the Orcish Mines.
 10040 | D:10     | Entered Level 10 of the Dungeon
 10252 | D:10     | Found a stormy altar of Qazlal.
 10294 | D:10     | Reached skill level 1 in Shields
 10530 | D:11     | Found Veusu's Magic Scroll Shoppe.
 10535 | D:11     | Found Vaumna's Weapon Shoppe.
 10535 | D:11     | Found Tuuthr Hian's Distillery.
 10539 | D:11     | Found Ibronapa's Magic Scroll Shoppe.
 10539 | D:11     | Noticed a two-headed ogre
 10540 | D:11     | Noticed a two-headed ogre
 10551 | D:11     | Killed a two-headed ogre
 10552 | D:11     | Reached skill level 17 in Axes
 10562 | D:11     | Found a gate leading to a gauntlet.
 10567 | Gauntlet | Entered a Gauntlet
 10567 | Gauntlet | Found a transporter.
 10567 | Gauntlet | Found a transporter.
 10594 | Gauntlet | Found a transporter.
 10595 | Gauntlet | Found a transporter.
 10603 | Gauntlet | Found a transporter.
 10607 | Gauntlet | Found a transporter.
 10615 | Gauntlet | Found a transporter.
 10630 | Gauntlet | Noticed a green death
 10632 | Gauntlet | Found a transporter.
 10632 | Gauntlet | Noticed an orange demon
 10647 | Gauntlet | Found a transporter.
 10651 | Gauntlet | Found a transporter.
 10659 | Gauntlet | Found a transporter.
 10660 | Gauntlet | Noticed a wizard
 10663 | Gauntlet | Found a transporter.
 10688 | Gauntlet | Noticed an ice statue
 10739 | Gauntlet | Reached XP level 11. HP: 82/82 MP: 10/10
 10748 | Gauntlet | Killed from afar by an ice statue

Illustrated notes

Levels and vault maps discovered:
D:1:      kennysheep_arrival_forest, layout_basic, hangedman_decor_slide_cut,
          serial_park_tiny_pond, hangedman_decor_points
D:2:      layout_rooms, hellmonk_ecumenical_altar_arch_garden,
          minmay_fountain_box, uniq_terence
D:3:      layout_loops_ring, mainiacjoe_overflow_alcove_1, columned_hall_lemuel
D:4:      layout_loops_ring, temple_hall_moat, uniq_pikel, uniq_menkaure
D:5:      layout_loops_ring
D:6:      layout_basic, fedhas_bush_and_centaur_altar, serial_shops, shop,
          kennysheep_mini_moat, nicolae_square_shop
D:7:      layout_basic, serial_corexii_hall, corexii_hall_statues_i,
          corexii_hall_statues_l, corexii_corridor_pit,
          chequers_serial_rivers_micro_e, minivault_14
D:8:      layout_rooms, makhleb_blood_cavern_becter, dk_vineyard_1, uniq_maggie
D:9:      layout_stronghold, orc_david_3, minmay_fractal_squares_5
D:10:     layout_cave_pools, nicolae_qazlal_general_emergency
D:11:     layout_cave_pools, lair_entry_dummy, gauntlet_entry_generic,
          serial_column_ruins, column_ruins_grid_2, column_ruins_open_medium,
          column_ruins_open_tiny, column_ruins_corridor_straight,
          nicolae_zen_rock_garden, minmay_misc_feat_x, serial_bayou_pond_c,
          minmay_shop_grid_forest
Gauntlet: minmay_gauntlet_77_indecision [minmay_gauntlet_arena_77_mirror,
          minmay_gauntlet_arena_77_box, minmay_gauntlet_arena_77_two_paths,
          minmay_gauntlet_arena_77_hold_the_fort,
          minmay_gauntlet_arena_77_block_sizes,
          minmay_gauntlet_arena_77_squiggly, gauntlet_exit_hidden_loot]

Skill      XL: |  1  2  3  4  5  6  7  8  9 10 |
---------------+-------------------------------+-----
Axes           | 4 5 6 7 8 10 11 14 16 17 | 17.1
Armour         | 5 7 |  7.8
Dodging        | 4 6 |  6.0
Evocations     | 2 |  2.5
Shields        | 2 |  2.4
Fighting       | |  3.6

Action                   |  1- 3 |  4- 6 |  7- 9 | 10-12 || total
-------------------------+-------+-------+-------+-------++-------
Melee: Hand axe          |    80 |   135 |   204 |       ||   419
       Headbutt          |    12 |    19 |    59 |    28 ||   118
       Punch             |       |     1 |     3 |     1 ||     5
       War axe           |       |       |   111 |    98 ||   209
Invok: Berserk           |     1 |     1 |     4 |     1 ||     7
       Trog's Hand       |       |     1 |     2 |     1 ||     4
       Brothers in Arms  |       |       |       |     1 ||     1
  Use: Scroll            |       |       |     8 |     8 ||    16
Armor: Animal skin       |     2 |       |       |       ||     2
       Ring mail         |    13 |       |       |       ||    13
       Scale mail        |     2 |     4 |       |       ||     6
       Plate armour      |       |    68 |   140 |    24 ||   232
       Crystal plate arm |       |       |       |    26 ||    26
Dodge: Dodged            |    49 |    42 |    70 |    27 ||   188
Block: Buckler           |       |       |       |     3 ||     3
